 Dungeon Crawl Stone Soup version 0.31-a0-609-g7bf6ffcfed (webtiles) character file.

Game seed: 7951424589151878444

13020 Duck the Warrior (level 11, 0/102 HPs)
             Began as a Grey Draconian Shapeshifter on Aug 21, 2023.
             Was a Priest of Hepliaklqana.
             Slain by a caustic shrike zombie (14 damage)
             ... on level 3 of the Abyss.
             The game lasted 00:36:05 (10617 turns).

Duck the Warrior (Grey Draconian Shapeshifter)     Turns: 10617, Time: 00:36:06

Health: 0/102      AC: 16    Str: 25    XL:     11   Next: 70%
Magic:  12/12      EV: 12    Int:  8    God:    Hepliaklqana [***...]
Gold:   393        SH:  0    Dex: 11    Spells: 10/10 levels left

rFire   . .          .
                       - Unarmed
rCold   + . .        (shield currently unavailable)
rNeg    + . .        (body armour unavailable)
rPois   .            i - +0 hat
rElec   .            A - +2 cloak {Stlth+}
rCorr   .            u - +0 pair of gloves
SInv    .            (no boots)
Will    .....        D - amulet of regeneration
Stlth   +            l - ring of protection from cold
HPRegen 0.00/turn    B - ring of positive energy
MPRegen 0.13/turn

%: no passive effects
@: confused, mighty, about to teleport, flux-form, ambrosia-drunk, sick,
glowing, studying Fighting
A: glow, contaminating, reduced essence, AC +12, amphibious, unfitting armour,
cold-blooded, high MP 1, strong 1
a: Begin Untransformation, Renounce Religion, Recall Ancestor, Ancestor
Identity, Transference


You were on level 3 of the Abyss.
You worshipped Hepliaklqana.
Hepliaklqana was most pleased with you.
You were something dangerously unstable.
You visited 1 branch of the dungeon, and saw 10 of its levels.
You visited the Abyss 1 time.

You collected 497 gold pieces.
You spent 104 gold pieces at shops.

Inventory:

Armour
 i - a +0 hat (worn)
 u - a +0 pair of gloves (worn)
 A - a +2 cloak of stealth (worn)
Jewellery
 l - a ring of protection from cold (left hand)
 B - a ring of positive energy (right hand)
 D - an amulet of regeneration (around neck)
Talismans
 b - a beast talisman
 c - a flux talisman (active)
Wands
 q - a wand of acid (10)
 t - a wand of mindburst (11)
 E - a wand of roots (5)
Scrolls
 e - 2 scrolls of amnesia {unknown}
 f - 3 scrolls of teleportation
 g - 3 scrolls of noise
 h - a scroll of vulnerability {unknown}
 k - a scroll of fear {unknown}
 n - 2 scrolls of fog
 o - a scroll of enchant weapon {unknown}
 r - a scroll of immolation
 v - a scroll of blinking {unknown}
 w - a scroll of enchant armour {unknown}
 y - a scroll of silence {unknown}
 z - a scroll of revelation
Potions
 j - 2 potions of magic
 m - a potion of haste
 p - a potion of enlightenment
 x - 8 potions of ambrosia


   Skills:
 * Level 15.9 Fighting
 - Level 1.7 Dodging
 - Level 4.3 Unarmed Combat
 * Level 12.3 Shapeshifting


You had 10 spell levels left.
You didn't know any spells.
Your spell library contained the following spells:

 Spells                   Type           Power      Damage    Failure   Level
 Freeze                   Ice            0%         1d3       41%         1
 Slow                     Hex            0%         N/A       41%         1
 Sting                    Tmut/Pois      0%         1d3       41%         1
 Poisonous Vapours        Pois/Air       0%         N/A       54%         2
 Scorch                   Fire           0%         2d5       54%         2
 Confusing Touch          Hex            0%         N/A       78%         3
 Frozen Ramparts          Ice            0%         1d1       78%         3
 Hailstorm                Conj/Ice       0%         3d3       78%         3
 Ignite Poison            Fire/Tmut/Pois 0%         N/A       78%         3
 Mephitic Cloud           Conj/Pois/Air  0%         N/A       78%         3
 Vampiric Draining        Necr           0%         2d6       78%         3
 Flame Wave               Conj/Fire      0%         2d4       99%         4
 Olgreb's Toxic Radiance  Pois           0%         N/A       99%         4
 Sticky Flame             Conj/Fire      0%         2d3       99%         4
 Summon Ice Beast         Ice/Summ       0%         N/A       99%         4
 Freezing Cloud           Conj/Ice/Air   0%         6-21      100%        5
 Simulacrum               Ice/Necr       0%         N/A       100%        6
 Summon Cactus Giant      Summ           0%         N/A       100%        6
 Ignition                 Fire           0%         3d3       100%        8


Dungeon Overview and Level Annotations

Branches:
Dungeon (10/15)            Temple (0/1) D:5            Lair (0/5) D:9
    Orc (0/2) D:9

Altars:
Cheibriados
Dithmenos
Fedhas
Gozag
Hepliaklqana
Nemelex Xobeh
Okawaru
Ru
Sif Muna
Uskayaw
Vehumet
Wu Jian
Yredelemnul
Zin
The Shining One

Shops:
D:6 !

Annotations:
D:5 ptdnxyz's ghost, amateur DjFE


Innate Abilities, Weirdness & Mutations

You are something dangerously unstable.
You glow with magical radiation, making you easy to see and hit.
Foes you strike become dangerously contaminated with magical radiation.
You are incapable of wielding weapons or throwing items.
Your life essence is reduced to manifest your ancestor. (-10% HP)
Your dull iron-grey scales are very hard. (AC +12)
You are amphibious.
You cannot fit into any form of body armour.
You are cold-blooded and may be slowed by cold attacks.
You have an increased reservoir of magic. (+10% MP)
Your muscles are strong. (Str +4, Int/Dex -1)


Message History

You destroy the ancient zyme!
The caustic shrike zombie claws you!
The caustic shrike zombie closely misses you.
Okay, then.
As you read the scroll of butterflies, it crumbles to dust.
You hear the flapping of tiny wings.
The large abomination is knocked back by the sudden gust.
The caustic shrike zombie is knocked back by the sudden gust.
Okay, then.
As you read the scroll of teleportation, it crumbles to dust.
You feel strangely unstable.
You feel the power of the Abyss delaying your translocation!
The caustic shrike zombie claws your butterfly!!
Your butterfly dies!
Your butterfly disappears in a burst of colours!
The caustic shrike zombie claws your butterfly!!
Your butterfly dies!
Your butterfly disappears in a burst of colours!
You feel very mighty all of a sudden.
You punch the caustic shrike zombie!
The caustic shrike zombie begins to glow.
You tail-slap the caustic shrike zombie.
The caustic shrike zombie is lightly damaged.
The caustic shrike zombie claws you!
You hit the caustic shrike zombie.
The caustic shrike zombie glows dangerously bright.
The caustic shrike zombie is lightly damaged.
The caustic shrike zombie claws you.
* * * LOW HITPOINT WARNING * * *
The caustic shrike zombie claws you!
* * * LOW HITPOINT WARNING * * *
You are confused.
You feel invigorated. The caustic shrike zombie claws you!
* * * LOW HITPOINT WARNING * * *
The caustic shrike zombie claws you.
* * * LOW HITPOINT WARNING * * *
You miss your butterfly.
Your butterfly disappears in a burst of colours!
The caustic shrike zombie claws you!
You die... . #.# .# ... #####.# ... ....# . .b. ...# ..##X# ##b## #....###b..## #.bbb#Zbbb.## .. #.b.bBbbbb..#

.....bb#bbbb.##
##..###..b###.#
#...#...b.#. #
#.... .b....# .
#.....#..#
.###...###.# .#
# # .## ## . ##
. .###


You could see a large abomination (ally target) and a caustic shrike zombie
(heavy contam, ally target).

Vanquished Creatures
  A two-headed ogre (D:9)
  3 thrashing horrors (Abyss:3)
  The ghost of GoodGuyCap the Martial Artist, a novice OpSh (D:8)
  A smoke demon (Abyss:3)
  An ancient zyme (Abyss:3)
  A troll (D:9)
  A raiju (Abyss:3)
  Sigmund (D:6)
  A shadow (D:9)
  2 humans (D:8)
  16 yaks
  A vampire mosquito (D:8)
  Menkaure (D:4)
  Edmund (D:5)
  3 water moccasins
  A black bear (D:8)
  7 orc warriors
  A wolf (D:9)
  A large abomination (Abyss:3)
  2 centaurs
  A phantom (D:6)
  2 kobold brigands
  4 bullfrogs
  A gnoll sergeant (D:9)
  4 scorpions
  5 killer bees
  2 electric eels (D:9)
  3 small abominations (Abyss:3)
  A jelly (D:7)
  4 hounds
  Crazy Yiuf (D:7)
  9 orc priests
  2 sleepcaps
  3 iguanas
  4 orc wizards
  2 gnolls (D:9)
  4 adders
  2 shadow imps
  A white imp (D:7)
  An ufetubus (D:2)
  2 worms
  A dart slug (D:5)
  30 orcs
  8 ball pythons
  6 endoplasms
  2 giant cockroaches
  9 goblins
  7 hobgoblins
  7 jackals
  5 quokkas
  3 bats
  4 frilled lizards
  13 kobolds
  7 rats
207 creatures vanquished.

Vanquished Creatures (collateral kills)
  A boulder beetle (D:8)
  A gargoyle (D:10)
  Psyche (D:10)
  A hornet (D:8)
  3 yaks
  2 vampire mosquitoes (D:8)
  A wolf (D:9)
  2 centaurs
  3 killer bees
  An electric eel (D:9)
  An orc priest (D:9)
  3 hounds (D:9)
  An orc wizard (D:8)
  2 gnolls (D:9)
  10 orcs
  A kobold (D:8)
34 creatures vanquished.

Vanquished Creatures (others)
  3 hexers
  An ancestor (D:7)
4 creatures vanquished.

Grand Total: 245 creatures vanquished

Notes
Turn   | Place    | Note
-------+----------+-------------------------------------------
     0 | D:1      | Duck the Draconian Shapeshifter began the quest for the
                  | Orb.
     0 | D:1      | Reached XP level 1. HP: 16/16 MP: 1/1
   163 | D:1      | Reached XP level 2. HP: 18/24 MP: 2/2
   344 | D:1      | Reached skill level 2 in Fighting
   379 | D:1      | Reached XP level 3. HP: 10/29 MP: 3/3
  1165 | D:2      | Found a faded altar of an unknown god.
  1281 | D:3      | Reached XP level 4. HP: 37/37 MP: 4/4
  1517 | D:3      | Reached skill level 3 in Fighting
  1625 | D:3      | Identified the +7 dagger of Indomitability {drain, rElec
                  | Str-4 Int+3 Dex+2}
  1755 | D:3      | Identified the +0 leather armour of Liqobux {-Tele rC++
                  | rCorr Stlth+}
  2072 | D:4      | Found a sacrificial altar of Ru.
  2674 | D:4      | Reached XP level 5. HP: 39/45 MP: 5/5
  2802 | D:4      | Noticed Menkaure
  2815 | D:4      | Killed Menkaure
  2816 | D:4      | Reached skill level 4 in Fighting
  2816 | D:4      | Reached XP level 6. HP: 16/52 MP: 6/6
  3148 | D:5      | Entered Level 5 of the Dungeon
  3393 | D:5      | Identified the +3 sling "Mequ Xoi" {heavy, +Blink}
  3418 | D:5      | Found a transporter.
  3525 | D:5      | Identified the +7 great mace of Jasoba {elec, *Slow rC-
                  | Int+5}
  3525 | D:5      | Noticed ptdnxyz's ghost (amateur DjFE)
  3526 | D:5      | Found a transporter.
  4133 | D:5      | Found a staircase to the Ecumenical Temple.
  4149 | D:5      | Found a hazy altar of Hepliaklqana.
  4150 | D:5      | Found a shadowy altar of Dithmenos.
  4150 | D:5      | Noticed a shadow
  4347 | D:5      | Became a worshipper of Hepliaklqana the Forgotten
  4411 | D:6      | Found Orphocs's Distillery.
  4419 | D:6      | Bought a potion of mutation for 104 gold pieces
  4419 | D:6      | Gained mutation: Your muscles are strong. (Str +4, Int/Dex
                  | -1) [potion of mutation]
  4419 | D:6      | Gained mutation: You have an increased reservoir of magic.
                  | (+10% MP) [potion of mutation]
  4455 | D:6      | Reached skill level 5 in Fighting
  4455 | D:6      | Reached skill level 5 in Shapeshifting
  4455 | D:6      | Your scales start taking on a dull iron-grey colour.
  4455 | D:6      | Reached XP level 7. HP: 60/61 MP: 7/7
  4485 | D:6      | Found a glowing silver altar of Zin.
  4607 | D:6      | Noticed Sigmund
  4626 | D:6      | Killed Sigmund
  4681 | D:6      | Reached skill level 6 in Fighting
  4842 | D:6      | Noticed Edmund
  4882 | D:5      | Killed Edmund
  4883 | D:5      | Reached XP level 8. HP: 25/71 MP: 8/8
  5840 | D:6      | Reached skill level 7 in Fighting
  6066 | D:6      | Reached XP level 9. HP: 56/81 MP: 9/9
  6454 | D:7      | Reached skill level 8 in Fighting
  6609 | D:7      | Reached * piety under Hepliaklqana
  6873 | D:7      | Found a shimmering blue altar of Sif Muna.
  6893 | D:7      | Reached skill level 9 in Fighting
  7125 | D:7      | Found a runed translucent door.
  7126 | D:7      | Noticed Crazy Yiuf
  7148 | D:7      | Identified the +5 ring mail "Musi" {Int+3}
  7615 | D:7      | Killed Crazy Yiuf
  7743 | D:8      | Found an iron altar of Okawaru.
  7873 | D:8      | Found a transporter.
  7878 | D:8      | Found a transporter.
  7996 | D:8      | Noticed a boulder beetle
  8241 | D:8      | Killed a boulder beetle
  8242 | D:8      | Reached skill level 10 in Shapeshifting
  8242 | D:8      | Reached XP level 10. HP: 42/82 MP: 11/11
  8373 | D:8      | Identified a scroll of acquirement
  8374 | D:8      | Acquired a manual of Fighting
  8491 | D:8      | Reached skill level 10 in Fighting
  8597 | D:8      | Noticed GoodGuyCap's ghost (novice OpSh)
  8605 | D:8      | Reached ** piety under Hepliaklqana
  8606 | D:8      | Remembered your ancestor Celeste as a hexer
  8860 | D:8      | Reached skill level 11 in Fighting
  9161 | D:8      | Killed GoodGuyCap's ghost
  9162 | D:8      | Reached skill level 12 in Fighting
  9351 | D:9      | Reached skill level 13 in Fighting
  9459 | D:9      | Reached XP level 11. HP: 51/96 MP: 12/12
  9565 | D:9      | Found a staircase to the Orcish Mines.
  9734 | D:9      | Found a staircase to the Lair.
  9933 | D:9      | Found a basalt altar of Yredelemnul.
  9934 | D:9      | Found a hide-covered altar of Uskayaw.
  9935 | D:9      | Noticed a two-headed ogre
  9947 | D:9      | Killed a two-headed ogre
  9948 | D:9      | Reached skill level 14 in Fighting
  9992 | D:9      | Reached *** piety under Hepliaklqana
 10077 | D:9      | Found a snail-covered altar of Cheibriados.
 10218 | D:10     | Entered Level 10 of the Dungeon
 10218 | D:10     | Noticed Psyche
 10222 | D:10     | Killed Psyche
 10261 | D:10     | Found a sparkling altar of Nemelex Xobeh.
 10265 | D:10     | Found a blossoming altar of Fedhas.
 10271 | D:10     | Found an opulent altar of Gozag.
 10274 | D:10     | Found a radiant altar of Vehumet.
 10276 | D:10     | Found a glowing golden altar of the Shining One.
 10281 | D:10     | Found an ornate altar of the Wu Jian Council.
 10372 | D:10     | Noticed a wizard
 10373 | Abyss:3  | Cast into level 3 of the Abyss (a wizard)
 10430 | Abyss:3  | Noticed a thrashing horror
 10430 | Abyss:3  | Noticed a thrashing horror
 10435 | Abyss:3  | Noticed a thrashing horror
 10438 | Abyss:3  | Killed a thrashing horror
 10439 | Abyss:3  | Reached skill level 15 in Fighting
 10444 | Abyss:3  | Killed a thrashing horror
 10447 | Abyss:3  | Killed a thrashing horror
 10488 | Abyss:3  | Noticed a rakshasa
 10617 | Abyss:3  | Slain by a caustic shrike zombie

Illustrated notes

Levels and vault maps discovered:
D:1:      lightli_arrival_maybe_door_vault, layout_basic, st_stairs_5,
          reono_crystal_passage
D:2:      layout_loops_ring, dreamdust_ecumenical_altar_grove
D:3:      layout_basic
D:4:      layout_loops_corners, mainiacjoe_overflow_small_starburst,
          uniq_menkaure
D:5:      layout_cave_pods, riverfiend_overflow_shadow_ancestor, temple_statues,
          gammafunk_ghost_smash
D:6:      layout_basic, zin_statuary, serial_shops, shop, serial_park_tiny_2,
          kennysheep_generic_room_13, uniq_edmund, uniq_sigmund
D:7:      layout_gridville, mainiacjoe_overflow_24_doors,
          uniq_crazy_yiuf_cottage
D:8:      layout_basic, okawaru_humans, gammafunk_ghost_hive,
          columned_hall_lemuel
D:9:      layout_rooms, grunt_temple_overflow_open, cheibrodos_worm_habitat,
          erik_lair_island, david_orc_5
D:10:     layout_small_grid, nicolae_overflow_hallway_of_the_gods, trog_book,
          enter_bailey_4, bh_hangedman_babel_library, uniq_psyche, uniq_erolcha,
          uniq_lodul
Abyss:3:  base: D:3, base: Bailey, minivault_19, spicy_abyss_pitcher_plant,
          serial_sigils_hangedman_gut, serial_sigils_hangedman_quiver,
          spicy_pingpong_abyss_rune

Skill      XL: |  1  2  3  4  5  6  7  8  9 10 11 |
---------------+----------------------------------+-----
Fighting       | 2 3 4 5 6 7 9 13 15 | 15.9
Shapeshifting  | 4 5 6 8 10 11 12 | 12.3
Unarmed Combat | 4 |  4.3
Dodging        | |  1.7

Action                     |  1- 3 |  4- 6 |  7- 9 | 10-12 || total
---------------------------+-------+-------+-------+-------++-------
  Melee: Unarmed           |   108 |   146 |   287 |   330 ||   871
         Tailslap          |    15 |    16 |    76 |    59 ||   166
         Punch             |     3 |     4 |     4 |       ||    11
 Invoke: Recall Ancestor   |       |       |     1 |       ||     1
         Ancestor Identity |       |       |     1 |       ||     1
         Ancestor Life: He |       |       |       |     1 ||     1
  Evoke: Wand              |       |       |     1 |     6 ||     7
    Use: Scroll            |       |     6 |     1 |    13 ||    20
         Potion            |       |     3 |     1 |    10 ||    14
   Stab: Sleeping          |     2 |       |       |     1 ||     3
         Confused          |       |       |       |     3 ||     3
         Distracted        |       |       |       |     2 ||     2
 Armour: Skin              |    25 |    36 |   170 |   230 ||   461
  Dodge: Dodged            |    55 |    92 |   214 |   296 ||   657
   Form: Flux              |       |       |     1 |       ||     1

Table legend: (Time is in decaauts)
 A = Elapsed time spent in this place.
 B = Non-inter-level travel time spent in this place.
 C = Inter-level travel time spent in this place.
 D = Time resting spent in this place.
 E = Time spent auto-exploring this place.
 F = Levels seen in this place.
 G = Mean time per level.
                   A        B        C        D        E       F      G
               +--------+--------+--------+--------+--------+-----+--------+
         Total |  10539 |   9878 |    661 |   2450 |   5358 |  11 |  958.1 |
       Dungeon |  10314 |   9653 |    661 |   2359 |   5358 |  10 | 1031.4 |
         Abyss |    225 |    225 |      0 |     90 |      0 |   1 |  225.0 |
               +--------+--------+--------+--------+--------+-----+--------+

Top non-repeatable levels by time:
     D:5: 2234 daAuts
     D:8: 1366 daAuts
     D:7: 1257 daAuts
     D:4: 1146 daAuts
     D:9: 1122 daAuts
     D:6: 952 daAuts
     D:3: 841 daAuts
     D:1: 659 daAuts
     D:2: 579 daAuts
 Abyss:3: 225 daAuts
    D:10: 153 daAuts
